 Dungeon Crawl Stone Soup version 0.29.1-15-g9cfb28693d (webtiles) character file.

Game seed: 6735837436348111929

62 jtron the Trooper (level 3, -4/30 HPs)
             Began as a Demonspawn Monk on Mar 20, 2023.
             Slain by Terence
             ... wielding a +0 short sword
              (7 damage)
             ... on level 3 of the Dungeon.
             The game lasted 00:05:36 (2604 turns).

jtron the Trooper (Demonspawn Monk)                 Turns: 2604, Time: 00:05:36

Health: -4/30      AC:  3    Str: 11    XL:     3   Next: 85%
Magic:  3/3        EV: 12    Int: 11    God:
Gold:   166        SH:  0    Dex: 17    Spells: 2/2 levels left

rFire   . . .      SeeInvis .   a - +0 spear
rCold   . . .      Faith    .   (no shield)
rNeg    . . .      Spirit   .   l - +0 leather armour
rPois   +          Reflect  .   (helmet restricted)
rElec   .          Harm     .   (no cloak)
rCorr   .          Rampage  .   (no gloves)
Will    +....                   (no boots)
Stlth   ++........              (no amulet)
HPRegen 0.10/turn               f - ring of wizardry
MPRegen 0.08/turn               k - ring of poison resistance

@: no status effects
A: antennae 1, claws 1, strong-willed 1
a: no special abilities


You were on level 3 of the Dungeon.
You visited 1 branch of the dungeon, and saw 3 of its levels.

You collected 166 gold pieces.

Inventory:

Hand Weapons
 a - a +0 spear (weapon)
 b - a +0 sling
Missiles
 g - 30 stones (quivered)
Armour
 j - a +0 robe
 l - a +0 leather armour (worn)
Jewellery
 f - a ring of wizardry (left claw)
 k - a ring of poison resistance (right claw)
Scrolls
 c - a scroll of identify {unknown}
 d - 3 scrolls of poison
 e - 3 scrolls of teleportation {unknown}
 h - a scroll of blinking {unknown}
 i - a scroll of summoning {unknown}
 n - a scroll of magic mapping {unknown}
 p - a scroll of noise {unknown}
 r - a scroll of butterflies {unknown}
Potions
 m - a potion of lignification {unknown}
 q - a potion of mutation


   Skills:
 * Level 3.6 Fighting
 + Level 3.3 Polearms
 + Level 0.6 Ranged Weapons
 + Level 0.2 Armour
 - Level 3.0 Dodging
 + Level 2.1 Stealth


You had 2 spell levels left.
You didn't know any spells.
Your spell library was empty.

Dungeon Overview and Level Annotations

Branches:
Dungeon (3/15)

Altars:

Shops:
D:1 (   D:3 (

Annotations:
D:3 Terence


Innate Abilities, Weirdness & Mutations

You have a pair of small antennae on your head.
You have sharp fingernails.
You are strong-willed. (Will+)


Message History

Terence barely misses you.
You hit Terence.
Terence is heavily wounded.
Terence hits you with a +0 short sword.
You completely miss Terence.
Terence is heavily wounded.
Terence closely misses you.
You barely miss Terence.
Terence is heavily wounded.
You barely miss Terence.
Terence is heavily wounded.
Terence hits you with a +0 short sword.
You closely miss Terence.
Terence is heavily wounded.
Terence barely misses you.
You closely miss Terence.
Terence is heavily wounded.
Terence hits you with a +0 short sword.
* * * LOW HITPOINT WARNING * * *
You completely miss Terence.
Terence is heavily wounded.
Terence hits you with a +0 short sword.
* * * LOW HITPOINT WARNING * * *
You hit Terence but do no damage.
Terence is heavily wounded.
Terence closely misses you.
You hit Terence but do no damage.
Terence is heavily wounded.
Terence hits you with a +0 short sword.
* * * LOW HITPOINT WARNING * * *
You hit Terence.
Terence is heavily wounded.
Terence barely misses you.
You hit Terence but do no damage.
Terence is heavily wounded.
Terence misses you.
You hit Terence but do no damage.
Terence is heavily wounded.
Terence hits you with a +0 short sword!
You die...

### ##.##
##...#############
#.....#..........#
.##.##...##.#.#.####.#
.[...........>#.# #.#
###.###@###.###.# #.#
#@# #.....# #.# #'#
####### ##.## ...
###...## .....
#......# .......
##.#...## ###
......?..####..)#.##
..#
+.....[...+.......##
>.#
#.......?.####...##


You could see Terence.

Vanquished Creatures
  A worm (D:2)
  An orc (D:2)
  5 bats
  5 endoplasms
  A giant cockroach (D:3)
  6 goblins
  8 hobgoblins
  3 jackals (D:2)
  2 quokkas
  3 ball pythons
  4 frilled lizards
  6 kobolds
  9 rats
54 creatures vanquished.

Notes
Turn   | Place    | Note
-------+----------+-------------------------------------------
     0 | D:1      | jtron the Demonspawn Monk began the quest for the Orb.
     0 | D:1      | Reached XP level 1. HP: 18/18 MP: 1/1
   324 | D:1      | Found Surole's Weapon Emporium.
   331 | D:1      | Gained mutation: You have a pair of small antennae on your
                  | head. [demonic ancestry]
   331 | D:1      | Reached XP level 2. HP: 19/24 MP: 2/2
  1048 | D:2      | Reached XP level 3. HP: 29/29 MP: 3/3
  1211 | D:2      | Found a faded altar of an unknown god.
  2178 | D:3      | Found Nyfav's Weapon Emporium.
  2559 | D:3      | Noticed Terence
  2591 | D:3      | Gained mutation: You have sharp fingernails. [potion of
                  | mutation]
  2591 | D:3      | Gained mutation: You are strong-willed. (Will+) [potion of
                  | mutation]
  2604 | D:3      | Slain by Terence

Illustrated notes

Levels and vault maps discovered:
D:1:      psy_arrival_basics, layout_loops_ring, serial_shops, shop_fountains,
          feat_on_display
D:2:      layout_basic, nicolae_ecumenical_oubliette,
          minmay_misc_feat_nine_boxes, minmay_ruptured
D:3:      layout_loops_corners, serial_shops, nicolae_shop_advertising_works
          [nicolae_subvault_shop_adworks], nicolae_elevator_lobby_plus,
          uniq_terence, uniq_natasha

Skill      XL: |  1  2  3 |
---------------+----------+-----
Polearms       | 3 |  3.3
Dodging        | 3 |  3.0
Stealth        | 2 |  2.1
Fighting       | |  3.6
Ranged Weapons | |  0.6
Armour         | |  0.2

Action                   || total
-------------------------++-------
Melee: Spear             ||   159
       Punch             ||     1
 Fire: Sling             ||    63
Throw: Stone             ||     1
  Use: Potion            ||     4
       Scroll            ||     1
 Stab: Sleeping          ||     3
Armor: Robe              ||     1
       Leather armour    ||    19
Dodge: Dodged            ||    88
